 Dungeon Crawl Stone Soup version 0.25.0-46-gbd7b0854d2 (webtiles) character file.

Game seed: 6795338900492131655

67 Ethylacetat the Gusty (level 4, -5/27 HPs)
             Began as an Octopode Air Elementalist on July 15, 2020.
             Slain by a gnoll
             ... wielding a +0 halberd
              (14 damage)
             ... on level 2 of the Dungeon.
             The game lasted 00:02:33 (1164 turns).

Ethylacetat the Gusty (Octopode Air Elementalist)   Turns: 1164, Time: 00:02:34

Health: -5/27      AC:  1    Str:  7    XL:     4   Next: 18%
Magic:  0/7        EV: 13    Int: 18    God:
Gold:   75         SH:  0    Dex: 12    Spells: 7/8 levels left

rFire    . . .     SeeInvis .   c - +0 spear (freeze)
rCold    . . .     Gourm    .   (no shield)
rNeg     . . .     Faith    .   (helmet restricted)
rPois    .         Spirit   .   (no amulet)
rElec    .         Reflect  .   (no ring)
rCorr    .         Harm     .   (no ring)
MR       .....                  (no ring)
Stlth    +++.......             (no ring)
HPRegen  0.09/turn              (no ring)
MPRegen  0.10/turn              (no ring)
                                (no ring)
                                (no ring)

@: no status effects
A: almost no armour, stealthy swim, amphibious, 8 rings, constrict 8, camouflage
1, gelatinous body 1
a: no special abilities


You were on level 2 of the Dungeon.
You were not hungry.

You visited 1 branch of the dungeon, and saw 2 of its levels.

You collected 75 gold pieces.

Inventory:

Hand Weapons
 c - a +0 spear of freezing (weapon)
Scrolls
 a - a scroll of enchant weapon {unknown}
 d - a scroll of teleportation {unknown}
 e - 2 scrolls of blinking {unknown}
 f - 4 scrolls of identify {unknown}
Potions
 g - a potion of degeneration {unknown}
 i - a potion of brilliance {unknown}
 j - a potion of lignification {unknown}
 k - a potion of haste {unknown}
Comestibles
 b - 4 rations
 h - 7 chunks of flesh


   Skills:
 - Level 2.0 Dodging
 - Level 2.6 Stealth
 + Level 2.5 Spellcasting
 * Level 2.5 Conjurations
 * Level 3.8 Air Magic


You had 7 spell levels left.
You knew the following spells:

 Your Spells              Type           Power        Failure   Level  Hunger
a - Shock                 Conj/Air       ##..         4%          1    #......

Your spell library contained the following spells:

 Spells                   Type           Power        Failure   Level  Hunger
 Swiftness                Chrm/Air       #.......     12%         2    ##.....
 Static Discharge         Conj/Air       ##......     14%         3    ###....
 Airstrike                Air            ###.......   34%         4    #####..
 Lightning Bolt           Conj/Air       ##........   78%         5    ######.


Dungeon Overview and Level Annotations

Branches:
Dungeon (2/15)

Altars:


Innate Abilities, Weirdness & Mutations

You cannot wear most types of armour.
You are very stealthy in the water. (Stealth+)
You are amphibious.
You can wear up to eight rings at the same time.
You can use your tentacles to constrict eight enemies at once.
Your skin changes colour to match your surroundings (Stealth+).
Your rubbery body absorbs attacks. (AC +1, EV +1)


Message History

The gnoll hits you from afar with a +0 halberd!!
Ouch! That really hurt!
Casting: Shock (safe; 4% risk of failure)
Confirm with . or Enter, or press ? or * to list all spells.
Aiming: Shock (safe; 4% risk of failure)
Press: ? - help, Shift-Dir - straight line, f/p - gnoll
Aim: a gnoll, wielding a +0 halberd (moderately wounded)
Okay, then.
Casting: Shock (safe; 4% risk of failure)
Confirm with . or Enter, or press ? or * to list all spells.
Aiming: Shock (safe; 4% risk of failure)
Press: ? - help, Shift-Dir - straight line, f/p - gnoll
Aim: a gnoll, wielding a +0 halberd (moderately wounded)
The zap hits the gnoll.
The gnoll is severely wounded.
The zap hits the gnoll.
You kill the gnoll!
The gnoll hits you from afar with a +0 halberd!
Ouch! That really hurt!
You die...

#.# #### . #.#
#####... .. #.#####
#....... ... #.##..
#.###### ....###
#.##.# #.# .......
#.##.###### #.#
.......##..........
..# ......).)g....#
#.# ##.....####@..#
#####.# #.(...
#.#># #.....######
#...... ...#.#
#.###....)..
#......######.###.#
########
#.#...............#
. #################


You could see a gnoll.

Vanquished Creatures
  3 gnolls
  4 dart slugs
  3 bats (D:1)
  A giant cockroach (D:1)
  5 goblins
  3 hobgoblins (D:1)
  2 jackals (D:1)
  3 kobolds (D:1)
  A ball python (D:1)
  7 rats (D:1)
32 creatures vanquished.

Notes
Turn   | Place    | Note
-------+----------+-------------------------------------------
     0 | D:1      | Ethylacetat the Octopode Air Elementalist began the quest
                  | for the Orb.
     0 | D:1      | Reached XP level 1. HP: 11/11 MP: 3/3
    14 | D:1      | Reached XP level 2. HP: 17/17 MP: 0/5
   473 | D:1      | Reached XP level 3. HP: 21/21 MP: 6/6
  1160 | D:2      | Reached XP level 4. HP: 27/27 MP: 3/7
  1164 | D:2      | Slain by a gnoll

Illustrated notes

Levels and vault maps discovered:
D:1:      roderic_dead_forest, layout_rooms, hangedman_decor_push
D:2:      layout_loops_ring

Skill      XL: |  1  2  3 |
---------------+----------+-----
Conjurations   | 2 |  2.5
Dodging        | |  2.0
Stealth        | |  2.6
Spellcasting   | |  2.5
Air Magic      | |  3.8

Action                   |  1- 3 |  4- 6 || total
-------------------------+-------+-------++-------
Melee: Spear             |    54 |       ||    54
       Constrict         |    13 |       ||    13
       Tentacles         |     9 |       ||     9
 Cast: Shock             |     8 |     4 ||    12
 Stab: Sleeping          |     9 |       ||     9
  Eat: Chunk             |     1 |       ||     1
Armor: Skin              |     2 |       ||     2
Dodge: Dodged            |    29 |     1 ||    30
